Map: Cyber Forest LE

Players

Reynor - Winner!

  • Race: Zerg Zerg
  • League: Master
  • Spawn Location: 11:00

Serral

  • Race: Zerg Zerg
  • Spawn Location: 5:00

Event: 2019 WCS Winter Europe

VOD

Have the link to the VOD?

Description

Time

  • Played on: April 7, 2019, 4:44 p.m.
  • Length: 7:36

All games in this series

Show
View Real Time Build Order
Export as new Build Order

Reynor Zerg - Winner!

Build Orders: Hatch First 

Get SALT Encoding   

  12  0:00  Drone  
  13  0:12  Overlord  
  13  0:16  Drone  
  14  0:30  Drone x2  
  16  0:48  Hatchery  
  15  0:51  Drone  
  15  0:55  Drone  
  17  1:09  Spawning Pool  
  16  1:12  Drone  
  16  1:15  Drone  
  16  1:18  Extractor  
  17  1:20  Drone  
  18  1:28  Drone  
  20  1:55  Zergling x4  
  20  2:00  Queen x2, Zergling x4  
  28  2:15  Overlord  
  25  2:24  Drone x2  
  25  2:25  Drone  
  27  2:31  Extractor  
  27  2:32  Drone  
  27  2:33  Drone  
  28  2:43  Drone  
  30  2:44  Drone  
  30  2:58  Hatchery  
  29  2:59  Drone  
  29  3:01  Drone  
  29  3:04  Drone  
  32  3:11  Overlord  
  32  3:12  Drone  
  33  3:15  Drone  
  33  3:17  Drone  
  33  3:19  Drone  
  36  3:28  Extractor  
  36  3:29  Drone x3  
  36  3:31  Drone  
  36  3:33  Drone  
  41  3:40  Drone, Evolution Chamber  
  41  3:41  Drone x2  
  41  3:46  Drone  
  41  3:47  Overlord  
  44  3:57  Overlord  
  44  4:00  Overlord  
  44  4:05  Zerg Missile Weapons Level 1  
  44  4:07  Drone x2  
  48  4:10  Queen  
  48  4:11  Drone  
  48  4:19  Roach Warren  
  48  4:20  Drone  
  48  4:22  Drone x4  
  52  4:27  Lair  
  52  4:28  Drone  
  52  4:30  Drone  
  54  4:34  Drone, Overlord  
  54  4:37  Extractor, Drone  
  54  4:38  Extractor  
  54  4:40  Drone x2  
  56  4:48  Drone  
  56  4:51  Overlord  
  57  4:59  Overlord  
  57  5:00  Roach x3  
  57  5:01  Roach  
  57  5:03  Roach  
  57  5:04  Overlord  
  57  5:05  Overlord  
  67  5:08  Roach  
  67  5:09  Roach  
  67  5:13  Drone  
  72  5:14  Extractor  
  72  5:15  Drone  
  72  5:16  Overlord  
  72  5:17  Drone x2  
  74  5:23  Glial Reconstitution  
  74  5:25  Drone x2  
  74  5:27  Roach  
  74  5:28  Extractor, Roach  
  79  5:31  Roach  
  79  5:34  Roach  
  82  5:38  Roach  
  82  5:40  Drone x3  
  87  5:45  Drone  
  87  5:49  Roach x2  
  92  5:52  Roach x3  
  92  5:53  Overlord  
  98  5:57  Roach x2  
  98  5:58  Roach  
  98  5:59  Overlord  
  98  6:01  Roach  
  98  6:03  Overlord  
  106  6:12  Overlord  
  106  6:13  Roach x3  
  106  6:14  Ravager  
  115  6:18  Roach  
  115  6:21  Roach  
  115  6:24  Roach x4  
  125  6:26  Roach x2  
  125  6:30  Roach  
  125  6:32  Roach x2  
  135  6:36  Roach  
  135  6:38  Overlord x2  
  137  6:42  Ravager  
  138  6:48  Overlord  
  138  6:57  Ravager  
  138  6:58  Roach x7  
  151  7:05  Roach x3  
  151  7:08  Roach x2  
  145  7:11  Roach  
  145  7:12  Roach  
  145  7:14  Roach  
Show
View Real Time Build Order
Export as new Build Order

Serral Zerg 

Build Orders: Pool First 

Get SALT Encoding   

  12  0:17  Spawning Pool  
  11  0:21  Drone  
  11  0:26  Drone  
  13  0:30  Drone  
  14  0:39  Overlord  
  14  1:03  Zergling x4  
  16  1:05  Zergling x2  
  17  1:15  Zergling x2  
  17  1:18  Hatchery  
  17  1:26  Zergling x2  
  17  1:32  Queen  
  18  1:39  Drone  
  21  1:49  Overlord  
  21  2:00  Drone  
  22  2:08  Queen  
  22  2:10  Drone  
  22  2:14  Extractor  
  24  2:21  Drone  
  22  2:30  Drone, Queen  
  22  2:31  Drone  
  26  2:40  Drone x3  
  26  2:41  Drone  
  30  2:47  Drone  
  31  2:55  Overlord  
  31  2:56  Drone  
  31  3:04  Drone  
  31  3:05  Drone  
  33  3:13  Drone  
  33  3:15  Drone x3  
  33  3:17  Drone  
  38  3:23  Lair  
  39  3:27  Drone  
  39  3:32  Drone  
  39  3:33  Evolution Chamber  
  39  3:35  Drone  
  40  3:44  Drone  
  40  3:45  Roach Warren  
  40  3:47  Overlord  
  40  3:50  Drone  
  40  3:51  Drone  
  40  3:54  Extractor  
  40  3:55  Extractor, Drone  
  41  3:59  Zerg Missile Weapons Level 1  
  41  4:01  Drone  
  42  4:04  Drone  
  42  4:05  Drone  
  42  4:07  Drone  
  42  4:09  Drone  
  46  4:11  Drone  
  46  4:13  Drone  
  48  4:21  Overlord  
  47  4:24  Glial Reconstitution  
  47  4:33  Hatchery  
  47  4:38  Overseer  
  46  4:40  Roach x2  
  46  4:43  Roach  
  52  4:47  Roach x2  
  56  4:53  Drone  
  56  4:55  Roach  
  56  4:59  Overlord  
  59  5:00  Overlord  
  59  5:03  Overlord  
  59  5:16  Overlord  
  59  5:18  Drone x7  
  66  5:26  Drone x2  
  68  5:30  Evolution Chamber  
  67  5:40  Drone x2  
  67  5:41  Drone  
  67  5:42  Drone  
  71  5:43  Drone  
  71  5:44  Drone  
  71  5:45  Drone  
  74  5:57  Drone x5  
  74  5:59  Extractor  
  74  6:00  Roach  
  74  6:01  Roach  
  74  6:02  Overseer  
  82  6:06  Overlord  
  82  6:08  Overlord  
  82  6:09  Roach x2  
  86  6:13  Roach  
  86  6:16  Overlord  
  88  6:19  Roach  
  88  6:21  Roach  
  88  6:23  Roach x2  
  98  6:25  Roach  
  98  6:30  Overlord  
  98  6:31  Roach  
  98  6:32  Roach  
  102  6:35  Extractor  
  102  6:37  Roach x3  
  107  6:40  Roach x4  
  107  6:43  Ravager x2  
  107  6:45  Roach  
  107  6:46  Roach  
  121  6:51  Roach x2  
  121  6:53  Drone  
  121  6:54  Roach, Zergling x2  
  126  7:04  Roach x4  
  126  7:06  Roach  
  126  7:07  Roach  
  120  7:09  Roach  
  120  7:15  Roach x2  
Tags
 
Add a new tag
Caveats
  • Supply blocks, unpowered buildings, or Contaminate may cause inaccurate times.
  • Supply counts are checked every 10 seconds.